| TOP OF THE 1ST |
|
University of Florida Gators batting - Pitching for University of Maine Black Bears : LHP Simone Richelmi
|
|
Pitching: LHP Simone Richelmi
|
|
|
Batting: RHB Marco Morales
|
0-0: Ball 1-0: Ball 2-0: Called Strike 2-1: DOUBLE (Flyball, 8RD, EV 99.4 MPH)
|
|
Batting: RHB Gong-sun Law
|
0-0: Ball Marco Morales steals 3rd base 1-0: Ball 2-0: Ball 3-0: Called Strike 3-1: Swinging Strike 3-2: Foul Ball, location: 2F 3-2: TRIPLE (Line Drive, 89XD, EV 100.0 MPH) Marco Morales scores
|
|
Batting: RHB Robert Mason
|
0-0: Ball 1-0: Ball 2-0: Called Strike 2-1: DOUBLE (Line Drive, 7LD, EV 104.4 MPH) Gong-sun Law scores
|
|
Batting: SHB Nelson Carachure
|
0-0: Called Strike 0-1: Hit by Pitch
|
|
Batting: RHB Luis Cabera
|
0-0: Ball 1-0: SINGLE (Line Drive, 7S, EV 104.4 MPH) Robert Mason to third Nelson Carachure to second
|
|
Batting: RHB Danny Cisneros
|
0-0: Called Strike 0-1: Ball 1-1: Foul Ball, location: 2F 1-2: DOUBLE (Line Drive, 89M, EV 91.9 MPH) Robert Mason scores Nelson Carachure scores Luis Cabera to third
|
|
Batting: LHB Dave Newsome
|
0-0: Ball 1-0: Ball 2-0: Hit by Pitch
|
|
Batting: RHB Juan Lopez
|
0-0: Called Strike 0-1: Foul Ball, location: 2F 0-2: Ball 1-2: Strikes out looking
|
|
Batting: LHB Juan Cadavid
|
0-0: Called Strike 0-1: Foul Ball, location: 2F 0-2: Strikes out swinging
|
|
Batting: RHB Marco Morales
|
0-0: Ball 1-0: Called Strike 1-1: Swinging Strike 1-2: Fielders Choice at 2nd, U4 (Groundball, 4M, EV 84.4 MPH)
|
| Top of the 1st over - 4 runs, 5 hits, 0 errors, 3 left on base; University of Florida 4 - University of Maine 0 |
| BOTTOM OF THE 1ST |
|
University of Maine Black Bears batting - Pitching for University of Florida Gators : RHP Jordan Williams
|
|
Pitching: RHP Jordan Williams
|
|
|
Batting: RHB Wang Huan
|
0-0: Called Strike 0-1: Foul Ball, location: 2F 0-2: Ground out 1-3 (Groundball, P, EV 67.5 MPH)
|
|
Batting: RHB Geoffrey Gonzalez
|
0-0: Called Strike 0-1: Called Strike 0-2: Foul Ball, location: 2F 0-2: Fly out, F8 (Flyball, 8RXD, EV 92.5 MPH)
|
|
Batting: LHB Taro Inamine
|
0-0: Called Strike 0-1: Fly out, F7 (Flyball, 7LM, EV 104.4 MPH)
|
| Bottom of the 1st over - 0 runs, 0 hits, 0 errors, 0 left on base; University of Florida 4 - University of Maine 0 |
| TOP OF THE 2ND |
|
University of Florida Gators batting - Pitching for University of Maine Black Bears : LHP Simone Richelmi
|
|
Batting: RHB Gong-sun Law
|
0-0: Foul Ball, location: 2F 0-1: Ball 1-1: Ball 2-1: Foul Ball, location: 2F 2-2: Strikes out swinging
|
|
Batting: RHB Robert Mason
|
0-0: Ball 1-0: Ground out 5-3 (Groundball, 56S, EV 82.5 MPH)
|
|
Batting: SHB Nelson Carachure
|
0-0: Ball 1-0: Foul Ball, location: 2F 1-1: Foul Ball, location: 2F 1-2: Ball 2-2: Fly out, F8 (Flyball, 8LM, EV 93.8 MPH)
|
| Top of the 2nd over - 0 runs, 0 hits, 0 errors, 0 left on base; University of Florida 4 - University of Maine 0 |
| BOTTOM OF THE 2ND |
|
University of Maine Black Bears batting - Pitching for University of Florida Gators : RHP Jordan Williams
|
|
Batting: LHB John Bergeron
|
0-0: SINGLE (Groundball, 6D, EV 102.5 MPH)
|
|
Batting: SHB Ron Handford
|
0-0: Ball 1-0: SINGLE (Groundball, 4M, EV 98.8 MPH) (infield hit) John Bergeron to second
|
|
Batting: RHB Chris Hill
|
0-0: Ball 1-0: Ball 2-0: Swinging Strike 2-1: Fielders Choice at 2nd, 4-6 (Groundball, 4, EV 90.6 MPH) John Bergeron to third
|
|
Batting: LHB John Knox
|
0-0: Ball 1-0: Fly out, F9 (Flyball, 9, EV 81.2 MPH) Runner from 3rd tags up, OUT at HOME! 9-2
|
| Bottom of the 2nd over - 0 runs, 2 hits, 0 errors, 1 left on base; University of Florida 4 - University of Maine 0 |
| TOP OF THE 3RD |
|
University of Florida Gators batting - Pitching for University of Maine Black Bears : LHP Simone Richelmi
|
|
Batting: RHB Luis Cabera
|
0-0: Called Strike 0-1: Ball 1-1: Foul Ball, location: 2F 1-2: DOUBLE (Line Drive, 8RXD, EV 104.4 MPH)
|
|
Batting: RHB Danny Cisneros
|
0-0: Foul Ball, location: 2F 0-1: Foul Ball, location: 2F 0-2: Fly out, F7 (Flyball, 7, EV 88.1 MPH)
|
|
Batting: LHB Dave Newsome
|
0-0: Called Strike 0-1: Ball 1-1: Ground out 4-3 (Groundball, 4, EV 87.5 MPH) Luis Cabera to third
|
|
Batting: RHB Juan Lopez
|
0-0: Called Strike 0-1: Ball 1-1: Called Strike 1-2: Foul Ball, location: 2F 1-2: Strikes out looking
|
| Top of the 3rd over - 0 runs, 1 hit, 0 errors, 1 left on base; University of Florida 4 - University of Maine 0 |
| BOTTOM OF THE 3RD |
|
University of Maine Black Bears batting - Pitching for University of Florida Gators : RHP Jordan Williams
|
|
Batting: RHB Rewa Havika
|
0-0: Ball 1-0: Ball 2-0: Ball 3-0: Called Strike 3-1: Fly out, F9 (Flyball, 89M, EV 90.0 MPH)
|
|
Batting: RHB Scott Snyder
|
0-0: Ball 1-0: Called Strike 1-1: Foul Ball, location: 2F 1-2: Ball 2-2: Strikes out swinging
|
|
Batting: RHB Wang Huan
|
0-0: Ball 1-0: Ground out 4-3 (Groundball, 4S, EV 83.1 MPH)
|
| Bottom of the 3rd over - 0 runs, 0 hits, 0 errors, 0 left on base; University of Florida 4 - University of Maine 0 |
| TOP OF THE 4TH |
|
University of Florida Gators batting - Pitching for University of Maine Black Bears : LHP Simone Richelmi
|
|
Batting: LHB Juan Cadavid
|
0-0: Called Strike 0-1: Foul Ball, location: 2F 0-2: Ground out 5-3 (Groundball, 56, EV 105.0 MPH)
|
|
Batting: RHB Marco Morales
|
0-0: Ball 1-0: Ground out 4-3 (Groundball, 34, EV 89.4 MPH)
|
|
Batting: RHB Gong-sun Law
|
0-0: Called Strike 0-1: Fly out, F8 (Flyball, 8RXD, EV 106.2 MPH)
|
| Top of the 4th over - 0 runs, 0 hits, 0 errors, 0 left on base; University of Florida 4 - University of Maine 0 |
| BOTTOM OF THE 4TH |
|
University of Maine Black Bears batting - Pitching for University of Florida Gators : RHP Jordan Williams
|
|
Batting: RHB Geoffrey Gonzalez
|
0-0: Ball 1-0: SINGLE (Groundball, P, EV 79.4 MPH) (infield hit)
|
|
Batting: LHB Taro Inamine
|
0-0: Foul Ball, location: 2F 0-1: Ball 1-1: Foul Ball, location: 2F 1-2: Ground out 4-3 (Groundball, 13, EV 85.6 MPH) Geoffrey Gonzalez to second
|
|
Batting: LHB John Bergeron
|
0-0: Called Strike 0-1: Fly out, F8 (Flyball, 8LD, EV 93.8 MPH) Runner from 2nd tags up, SAFE at 3rd with throw by CF
|
|
Batting: SHB Ron Handford
|
0-0: Called Strike 0-1: Ground out 2-3 (Groundball, 2L, EV 63.8 MPH)
|
| Bottom of the 4th over - 0 runs, 1 hit, 0 errors, 1 left on base; University of Florida 4 - University of Maine 0 |
| TOP OF THE 5TH |
|
University of Florida Gators batting - Pitching for University of Maine Black Bears : LHP Simone Richelmi
|
|
Batting: RHB Robert Mason
|
0-0: Foul Ball, location: 2F 0-1: Ball 1-1: Ball 2-1: Ball 3-1: Foul Ball, location: 2F 3-2: Base on Balls
|
|
Pitching: RHP Noah Johnson
|
|
|
Batting: SHB Nelson Carachure
|
0-0: Ball 1-0: Foul Ball, location: 2F 1-1: Ball 2-1: Swinging Strike 2-2: Fly out, F7 (Line Drive, 78D, EV 91.2 MPH)
|
|
Batting: RHB Luis Cabera
|
0-0: Ball 1-0: Ball Robert Mason steals 2nd base 2-0: Fly out, F8 (Flyball, 8LD, EV 91.9 MPH)
|
|
Batting: RHB Danny Cisneros
|
0-0: Called Strike 0-1: Ball 1-1: Ball 2-1: Foul Ball, location: 2F 2-2: 2-RUN HOME RUN (Flyball, 7D, EV 105.6 MPH), Distance : 388 ft
|
|
Batting: LHB Dave Newsome
|
0-0: Ball 1-0: Called Strike 1-1: Foul Ball, location: 2F 1-2: Strikes out swinging
|
| Top of the 5th over - 2 runs, 1 hit, 0 errors, 0 left on base; University of Florida 6 - University of Maine 0 |
| BOTTOM OF THE 5TH |
|
University of Maine Black Bears batting - Pitching for University of Florida Gators : RHP Jordan Williams
|
|
Batting: RHB Chris Hill
|
0-0: Ball 1-0: Foul Ball, location: 2F 1-1: Called Strike 1-2: Foul Ball, location: 2F 1-2: Ground out 6-3 (Groundball, 6, EV 85.6 MPH)
|
|
Batting: LHB John Knox
|
0-0: Called Strike 0-1: Swinging Strike 0-2: Foul Ball, location: 2F 0-2: Strikes out swinging
|
|
Batting: RHB Rewa Havika
|
0-0: Fly out, F8 (Line Drive, 8RM, EV 93.1 MPH)
|
| Bottom of the 5th over - 0 runs, 0 hits, 0 errors, 0 left on base; University of Florida 6 - University of Maine 0 |
| TOP OF THE 6TH |
|
University of Florida Gators batting - Pitching for University of Maine Black Bears : RHP Noah Johnson
|
|
Batting: RHB Juan Lopez
|
0-0: Called Strike 0-1: Ball 1-1: Called Strike 1-2: Foul Ball, location: 2F 1-2: Foul Ball, location: 2F 1-2: Strikes out swinging
|
|
Batting: LHB Juan Cadavid
|
0-0: Ball 1-0: Called Strike 1-1: Foul Ball, location: 2F 1-2: Ball 2-2: Strikes out swinging
|
|
Batting: RHB Marco Morales
|
0-0: Foul Ball, location: 2F 0-1: Ball 1-1: Swinging Strike 1-2: Foul Ball, location: 2F 1-2: Ball 2-2: Ball 3-2: Foul Ball, location: 2F 3-2: Strikes out swinging
|
| Top of the 6th over - 0 runs, 0 hits, 0 errors, 0 left on base; University of Florida 6 - University of Maine 0 |
| BOTTOM OF THE 6TH |
|
University of Maine Black Bears batting - Pitching for University of Florida Gators : RHP Jordan Williams
|
|
Batting: RHB Scott Snyder
|
0-0: Ground out 6-3 (Groundball, 6, EV 108.8 MPH)
|
|
Batting: RHB Wang Huan
|
0-0: Ball 1-0: Foul Ball, location: 2F 1-1: Swinging Strike 1-2: Strikes out swinging
|
|
Batting: RHB Geoffrey Gonzalez
|
0-0: Ball 1-0: Ball 2-0: Called Strike 2-1: Swinging Strike 2-2: Strikes out swinging
|
| Bottom of the 6th over - 0 runs, 0 hits, 0 errors, 0 left on base; University of Florida 6 - University of Maine 0 |
| TOP OF THE 7TH |
|
University of Florida Gators batting - Pitching for University of Maine Black Bears : RHP Noah Johnson
|
|
Batting: RHB Gong-sun Law
|
0-0: Ball 1-0: Foul Ball, location: 2F 1-1: Ball 2-1: Fly out, F9 (Flyball, 89S, EV 89.4 MPH)
|
|
Batting: RHB Robert Mason
|
0-0: Ball 1-0: Ground out 3-1 (Groundball, 34, EV 77.5 MPH)
|
|
Batting: SHB Nelson Carachure
|
0-0: Called Strike 0-1: Ball 1-1: Foul Ball, location: 2F 1-2: Ball 2-2: SINGLE (Groundball, 4, EV 95.6 MPH)
|
|
Batting: RHB Luis Cabera
|
0-0: Foul Ball, location: 2F 0-1: Fly out, F7 (Flyball, 7, EV 81.9 MPH)
|
| Top of the 7th over - 0 runs, 1 hit, 0 errors, 1 left on base; University of Florida 6 - University of Maine 0 |
| BOTTOM OF THE 7TH |
|
University of Maine Black Bears batting - Pitching for University of Florida Gators : RHP Jordan Williams
|
|
Batting: LHB Taro Inamine
|
0-0: Ball 1-0: DOUBLE (Flyball, 78D, EV 103.8 MPH)
|
|
Batting: LHB John Bergeron
|
0-0: Ball 1-0: Called Strike 1-1: Foul Ball, location: 2F 1-2: Ball 2-2: Fly out, F8 (Flyball, 8LM, EV 87.5 MPH)
|
|
Batting: SHB Ron Handford
|
0-0: Swinging Strike 0-1: Foul Ball, location: 2F 0-2: Ball 1-2: DOUBLE (Groundball, 3D, EV 96.2 MPH) Taro Inamine scores
|
|
Batting: RHB Chris Hill
|
0-0: Called Strike 0-1: Foul Ball, location: 2F 0-2: Ball Wild Pitch! Ron Handford to third 1-2: Foul Ball, location: 2F 1-2: Strikes out swinging, 2-3 out at first.
|
|
Pitching: LHP Alexander Collins
|
|
|
Batting: LHB John Knox
|
0-0: Foul Ball, location: 2F 0-1: Ball 1-1: Foul Ball, location: 2F 1-2: Foul Ball, location: 2F 1-2: Ground out 6-3 (Groundball, 56, EV 80.6 MPH)
|
| Bottom of the 7th over - 1 run, 2 hits, 0 errors, 1 left on base; University of Florida 6 - University of Maine 1 |
| TOP OF THE 8TH |
|
University of Florida Gators batting - Pitching for University of Maine Black Bears : RHP Noah Johnson
|
|
Batting: RHB Danny Cisneros
|
0-0: Called Strike 0-1: Ground out 6-3 (Groundball, 6D, EV 102.5 MPH)
|
|
Batting: LHB Dave Newsome
|
0-0: Ball 1-0: Fly out, F7 (Flyball, 78S, EV 83.8 MPH)
|
|
Batting: RHB Juan Lopez
|
0-0: Called Strike 0-1: SINGLE (Groundball, 6, EV 105.0 MPH)
|
|
Pitching: RHP Shizue Morimoto
|
|
|
Batting: LHB Juan Cadavid
|
0-0: Ball 1-0: Ball 2-0: Called Strike 2-1: Swinging Strike 2-2: Strikes out swinging
|
| Top of the 8th over - 0 runs, 1 hit, 0 errors, 1 left on base; University of Florida 6 - University of Maine 1 |
| BOTTOM OF THE 8TH |
|
University of Maine Black Bears batting - Pitching for University of Florida Gators : LHP Alexander Collins
|
|
Batting: RHB Rewa Havika
|
0-0: Foul Ball, location: 2F 0-1: Ball 1-1: Ground out 5-3 (Groundball, 56, EV 79.4 MPH)
|
|
Batting: RHB Scott Snyder
|
0-0: Called Strike 0-1: Foul Ball, location: 2F 0-2: Ball 1-2: Foul Ball, location: 2F 1-2: Ball 2-2: Ground out 5-3 (Groundball, 5, EV 80.6 MPH)
|
|
Batting: RHB Wang Huan
|
0-0: Ball 1-0: Foul Ball, location: 2F 1-1: Ball 2-1: Ball 3-1: Ground out 3-1 (Groundball, 34, EV 93.8 MPH)
|
| Bottom of the 8th over - 0 runs, 0 hits, 0 errors, 0 left on base; University of Florida 6 - University of Maine 1 |
| TOP OF THE 9TH |
|
University of Florida Gators batting - Pitching for University of Maine Black Bears : RHP Shizue Morimoto
|
|
Batting: RHB Marco Morales
|
0-0: Called Strike 0-1: Ball 1-1: Ground out 6-3 (Groundball, 6, EV 80.0 MPH)
|
|
Batting: RHB Gong-sun Law
|
0-0: Ball 1-0: Foul Ball, location: 2F 1-1: Ball 2-1: Foul Ball, location: 2F 2-2: Strikes out swinging
|
|
Batting: RHB Robert Mason
|
0-0: Foul Ball, location: 2F 0-1: SOLO HOME RUN (Flyball, 9D, EV 98.1 MPH), Distance : 382 ft
|
|
Batting: SHB Nelson Carachure
|
0-0: Foul Ball, location: 2F 0-1: Foul Ball, location: 2F 0-2: Strikes out swinging
|
| Top of the 9th over - 1 run, 1 hit, 0 errors, 0 left on base; University of Florida 7 - University of Maine 1 |
| BOTTOM OF THE 9TH |
|
University of Maine Black Bears batting - Pitching for University of Florida Gators : LHP Alexander Collins
|
|
Batting: RHB Geoffrey Gonzalez
|
0-0: Called Strike 0-1: Ball 1-1: Ball 2-1: Called Strike 2-2: Strikes out looking
|
|
Batting: LHB Taro Inamine
|
0-0: Ball 1-0: Ground out U3 (Groundball, 3, EV 108.1 MPH)
|
|
Batting: LHB John Bergeron
|
0-0: Called Strike 0-1: Ball 1-1: Foul Ball, location: 2F 1-2: Ball 2-2: Strikes out swinging
|
| Bottom of the 9th over - 0 runs, 0 hits, 0 errors, 0 left on base; University of Florida 7 - University of Maine 1 |
|